 Dungeon Crawl Stone Soup version 0.20.1-1-g8b1a95d (webtiles) character file.

7439 NERD535 the Whirler (level 11, -10/80 HPs)
             Began as a Halfling Hunter on Sept 19, 2017.
             Was an Elder of Okawaru.
             Mangled by a crocodile (13 damage)
             ... on level 3 of the Lair of Beasts on Sept 20, 2017.
             The game lasted 01:40:12 (11254 turns).

NERD535 the Whirler (Halfling Hunter)              Turns: 11254, Time: 01:40:20

Health: -10/80     AC:  8    Str: 14    XL:     11   Next: 37%
Magic:  11/11      EV: 18    Int:  9    God:    Okawaru [****..]
Gold:   404        SH:  0    Dex: 18    Spells: 9/10 levels left

rFire    . . .     SeeInvis .   a - +2 hunting sling
rCold    . . .     Gourm    .   (shield restricted)
rNeg     + . .     Faith    .   v - +0 leather armour
rPois    .         Spirit   .   (no helmet)
rElec    .         Reflect  .   (no cloak)
rCorr    .         Harm     .   (no gloves)
MR       .....                  (no boots)
Stlth    +++.......             (no amulet)
Regen    0.3/turn               l - ring of positive energy
MPRegen  0.2/turn               j - +5 ring of protection

@: lethally poisoned (-10 -> -18), flying, slowed, very slow
A: mutation resistance 1
a: Heroism, Renounce Religion


You were on level 3 of the Lair of Beasts.
You worshipped Okawaru.
Okawaru was greatly pleased with you.
You were not hungry.

You visited 4 branches of the dungeon, and saw 13 of its levels.

You collected 404 gold pieces.

Inventory:

Hand Weapons
 a - a +2 hunting sling (weapon)
 w - a +2 short sword of freezing
Missiles
 d - 23 sling bullets (quivered)
 h - 72 stones
Armour
 v - a +0 leather armour (worn)
Magical Staves
 u - an uncursed staff of earth {unknown}
Jewellery
 j - a +5 ring of protection (right hand)
 l - a ring of positive energy (left hand)
 m - an uncursed ring of magical power
Wands
 q - a wand of scattershot (4/9)
 s - a wand of random effects (30/48)
 y - a wand of flame (3/48)
 E - a wand of flame (20/48)
 G - a wand of disintegration (10/24)
 H - a wand of iceblast (2/15)
 I - a wand of disintegration (13/24)
Scrolls
 b - 3 scrolls of identify
 c - a scroll of fog
 g - 2 scrolls of remove curse
 D - a scroll of immolation
Potions
 e - 2 potions of might
 f - a potion of ambrosia
 p - a potion of lignification
 A - a potion of agility {unknown}
 C - a potion of degeneration {unknown}
Books
 x - a book of Flames

   Spells                             Type                      Level
   a - Flame Tongue                   Conjuration/Fire             1
   b - Throw Flame                    Conjuration/Fire             2
   c - Conjure Flame                  Conjuration/Fire             3
   d - Inner Flame                    Hexes/Fire                   3
   e - Sticky Flame                   Conjuration/Fire             4
   f - Fireball                       Conjuration/Fire             5
Comestibles
 i - 6 royal jellies
 n - 17 fruits
 o - 4 bread rations
 t - 3 meat rations


   Skills:
 + Level 9.3 Fighting
 + Level 1.0 Short Blades
 + Level 15.9 Slings
 + Level 5.4 Armour
 + Level 5.4 Dodging
 + Level 3.9 Stealth
 + Level 0.7 Invocations


You had 9 spell levels left.
You knew the following spells:

 Your Spells              Type           Power        Failure   Level  Hunger
a - Flame Tongue          Conj/Fire      #....        45%         1    ##.....


Dungeon Overview and Level Annotations

Branches:
Dungeon (8/15)             Temple (1/1) D:6            Lair (3/6) D:8
  Swamp (1/4) Lair:2
  Snake: Lair:2-4    Spider: Lair:2-4

Altars:
Ashenzari
Cheibriados
Dithmenos
Elyvilon
Gozag
Kikubaaqudgha
Makhleb
Okawaru
Qazlal
Sif Muna
Trog
Uskayaw
Vehumet
Zin
The Shining One
Jiyva

Annotations:
Lair:3 Prince Ribbit


Innate Abilities, Weirdness & Mutations

You are small and have problems with some larger weapons.
You are somewhat resistant to further mutation.


Message History

You feel as though you will be slow longer.
Prince Ribbit blinks!
It was a potion of mutation.
You feel extremely strange. The hornet stings you!
* * * LOW HITPOINT WARNING * * *
You feel as though you will be slow longer.
The hornet stings you.
* * * LOW HITPOINT WARNING * * *
You are lethally poisoned!
You feel as though you will be slow longer.
The blink frog hits the plant.
The crocodile bites you.
* * * LOW HITPOINT WARNING * * *
The crocodile barely misses you. The hornet completely misses you.
It was a potion of flight.
You feel very buoyant.
You fly up into the air.
* * * LOW HITPOINT WARNING * * *
You feel sick.
The blink frog hits the plant but does no damage.
The hornet closely misses you. The crocodile bites you!
You die... #♣P..#♣........# #....'÷.......<# #....'...P≈≈...# #....#♣.P≈≈≈P.P♣ ##'†##♣#♣####### ♣..P# Fy≈t

♣...♣ ≈≈l≈≈.
#♣...# P.......
#≈.@t♣.....♣...
#≈Pyt♣....⌠..♣.#
#≈≈FF..(..(......
#≈≈≈.(..(..
#≈≈≈≈≈≈≈.§P
#8≈≈≈#≈≈≈(.
##########♣


You could see 2 blink frogs, a hornet and 2 crocodiles.

Vanquished Creatures
  The ghost of Coffe1991 the Skirmisher, a novice OpMo (D:5)
  A black mamba (Lair:1)
  3 spiny frogs
  2 rime drakes
  A hippogriff (Lair:1)
  A yak (Lair:2)
  Menkaure (D:6)
  Eustachio (D:6)
  A basilisk (Lair:2)
  9 water moccasins
  Duvessa (D:7)
  3 porcupines
  3 ice beasts
  2 sky beasts (D:7)
  3 phantoms
  A centaur (D:5)
  2 ogres
  4 crocodiles
  12 bullfrogs
  A big kobold (D:8)
  Blork the orc (D:5)
  Dowan (D:7)
  A wyvern skeleton (D:8)
  2 scorpions
  A howler monkey (D:8)
  2 crimson imps (D:8)
  A bullfrog zombie (D:8)
  2 jellies (D:7)
  A hound (D:4)
  4 bullfrog skeletons
  An orc priest (D:5)
  An orc wizard (D:8)
  Ijyb (D:4)
  A gnoll shaman (D:5)
  3 iguanas
  5 worker ants
  A killer bee zombie (D:8)
  A hound zombie (D:5)
  A hound skeleton (D:4)
  8 gnolls
  6 adders
  A howler monkey skeleton (D:5)
  An adder skeleton (D:8)
  4 worms
  3 dart slugs
  A leopard gecko (D:1)
  19 orcs
  6 bats
  4 giant cockroaches
  13 goblins
  7 hobgoblins
  12 jackals
  4 quokkas
  2 ball pythons
  4 frilled lizards
  A jackal skeleton (D:4)
  7 kobolds
  A leopard gecko skeleton (D:4)
  A leopard gecko zombie (D:5)
  4 rats
  A plant (Lair:3)
194 creatures vanquished.

Vanquished Creatures (others)
  A bullfrog skeleton (D:8)
  28 plants (Lair:3)
29 creatures vanquished.

Grand Total: 223 creatures vanquished

Notes
Turn   | Place    | Note
-------+----------+-------------------------------------------
     0 | D:1      | NERD535 the Halfling Hunter began the quest for the Orb.
     0 | D:1      | Reached XP level 1. HP: 14/14 MP: 1/1
    13 | D:1      | Reached skill level 6 in Slings
   120 | D:1      | Reached XP level 2. HP: 19/19 MP: 2/2
   501 | D:1      | Reached XP level 3. HP: 19/24 MP: 3/3
  1086 | D:3      | Reached skill level 1 in Short Blades
  1131 | D:3      | Reached skill level 7 in Slings
  1348 | D:3      | Reached XP level 4. HP: 25/29 MP: 4/4
  1745 | D:3      | Reached skill level 1 in Armour
  1991 | D:3      | Noticed an air elemental
  1992 | D:3      | Found a stormy altar of Qazlal.
  1994 | D:3      | Noticed a fire elemental
  1995 | D:3      | Noticed an earth elemental
  1995 | D:3      | Noticed a water elemental
  2068 | D:4      | Reached skill level 8 in Slings
  2068 | D:4      | Reached XP level 5. HP: 23/34 MP: 5/5
  2487 | D:4      | Reached XP level 6. HP: 31/41 MP: 6/6
  2595 | D:4      | Noticed a phantom
  2640 | D:4      | Killed a phantom
  2640 | D:4      | Reached skill level 9 in Slings
  2987 | D:4      | Noticed an ogre
  3018 | D:4      | Killed an ogre
  3018 | D:4      | Reached XP level 7. HP: 46/46 MP: 7/7
  3155 | D:4      | Noticed Ijyb
  3212 | D:4      | Killed Ijyb
  3212 | D:4      | Reached skill level 10 in Slings
  3342 | D:5      | Entered Level 5 of the Dungeon
  3446 | D:5      | Noticed Coffe1991's ghost (novice OpMo)
  3888 | D:5      | Killed Coffe1991's ghost
  3888 | D:5      | Reached skill level 11 in Slings
  3888 | D:5      | Reached XP level 8. HP: 42/54 MP: 8/8
  4020 | D:5      | Noticed Blork the orc
  4020 | D:5      | Found an iron altar of Okawaru.
  4030 | D:5      | Killed Blork the orc
  4058 | D:5      | Became a worshipper of Warmaster Okawaru
  4144 | D:5      | Reached skill level 12 in Slings
  4663 | D:6      | Found a staircase to the Ecumenical Temple.
  4665 | D:6      | Noticed Menkaure
  4742 | D:5      | Reached XP level 9. HP: 13/60 MP: 9/9
  5141 | D:6      | Noticed Eustachio
  5152 | D:6      | Killed Eustachio
  5152 | D:6      | Reached skill level 5 in Fighting
  5172 | D:6      | Killed Menkaure
  5172 | D:6      | Reached * piety under Okawaru
  5286 | D:6      | Reached skill level 13 in Slings
  6092 | Temple   | Entered the Ecumenical Temple
  6253 | D:7      | Found a snail-covered altar of Cheibriados.
  6440 | D:7      | Found a hide-covered altar of Uskayaw.
  6598 | D:7      | Noticed Duvessa
  6598 | D:7      | Noticed Dowan
  6610 | D:7      | Killed Duvessa
  6622 | D:7      | Killed Dowan
  7183 | D:8      | Reached skill level 14 in Slings
  7184 | D:8      | Found a radiant altar of Vehumet.
  7224 | D:8      | Reached XP level 10. HP: 69/69 MP: 10/10
  7246 | D:8      | Learned a level 1 spell: Flame Tongue
  7598 | D:8      | Found a staircase to the Lair.
  7667 | D:8      | Reached ** piety under Okawaru
  7992 | D:8      | Found an ancient bone altar of Kikubaaqudgha.
  8220 | Lair:1   | Entered Level 1 of the Lair of Beasts
  8220 | Lair:1   | Noticed a spiny frog
  8238 | Lair:1   | Killed a spiny frog
  8682 | Lair:1   | Noticed a spiny frog
  8702 | Lair:1   | Killed a spiny frog
  8702 | Lair:1   | Reached *** piety under Okawaru
  8702 | Lair:1   | Reached skill level 15 in Slings
  9071 | Lair:1   | Noticed a black mamba
  9082 | Lair:1   | Killed a black mamba
  9463 | Lair:2   | Found a staircase to the Swamp.
  9473 | Swamp:1  | Entered Level 1 of the Swamp
  9473 | Swamp:1  | Noticed a shambling mangrove
  9473 | Swamp:1  | Noticed a spriggan rider
  9538 | Lair:2   | Noticed a rime drake
  9545 | Lair:2   | Killed a rime drake
  9711 | Lair:2   | Reached XP level 11. HP: 56/78 MP: 11/11
  9776 | Lair:2   | Reached skill level 5 in Armour
  9871 | Lair:2   | Reached **** piety under Okawaru
  9871 | Lair:2   | Reached skill level 5 in Dodging
 10799 | Lair:3   | Noticed Prince Ribbit
 10849 | Lair:3   | HP: 4/80 [poisoned by a water moccasin]
 10854 | Lair:3   | HP: 3/80 [poisoned by a water moccasin]
 10861 | Lair:3   | HP: 3/80 [poisoned by a water moccasin]
 10869 | Lair:3   | HP: 3/80 [poisoned by a water moccasin]
 11211 | Lair:3   | Received a gift from Okawaru
 11254 | Lair:3   | HP: 3/80 [poisoned by a hornet]
 11254 | Lair:3   | Mangled by a crocodile

Skill      XL: |  1  2  3  4  5  6  7  8  9 10 11 |
---------------+----------------------------------+-----
Slings         | 6 7 8 9 11 12 14 15 | 15.9
Short Blades   | 1 |  1.0
Fighting       | 2 3 4 6 8 9 |  9.3
Armour         | 1 2 3 4 5 |  5.4
Dodging        | 3 4 5 |  5.4
Stealth        | 2 3 |  3.9
Invocations    | |  0.7

Action                   |  1- 3 |  4- 6 |  7- 9 | 10-12 || total
-------------------------+-------+-------+-------+-------++-------
Melee: Short sword       |    12 |       |     7 |    26 ||    45
       Hunting sling     |       |       |     3 |     2 ||     5
 Fire: Hunting sling     |    61 |   227 |   503 |   366 ||  1157
Invok: Heroism           |       |       |       |     1 ||     1
Evoke: Wand              |       |       |     1 |     3 ||     4
  Use: Scroll            |     2 |     1 |    13 |     2 ||    18
       Potion            |       |       |     4 |     6 ||    10
  Eat: Bread ration      |       |     1 |       |     1 ||     2
       Fruit             |       |       |     9 |    10 ||    19
       Meat ration       |       |       |     1 |       ||     1
Armor: Leather armour    |     3 |    15 |    33 |    16 ||    67
Dodge: Dodged            |    23 |    57 |   133 |   139 ||   352
